 Dungeon Crawl Stone Soup version 0.29.0-4-gdea44cf6ec (webtiles) character file.

Game seed: 8657039506799573962

28 qw the Chopper (level 3, -2/21 HPs)
             Began as a Tengu Warper on Aug 28, 2022.
             Slain by Terence
             ... wielding a +0 short sword
              (7 damage)
             ... on level 2 of the Dungeon.
             The game lasted 00:00:05 (1017 turns).

qw the Chopper (Tengu Warper)                       Turns: 1017, Time: 00:00:05

Health: -2/21      AC:  8    Str: 13    XL:     3   Next: 12%
Magic:  7/7        EV:  9    Int: 13    God:
Gold:   75         SH:  0    Dex: 13    Spells: 6/6 levels left

rFire   . . .      SeeInvis .   Y - +0 hand axe
rCold   + . .      Faith    .   (no shield)
rNeg    . . .      Spirit   .   h - +0 scale mail
rPois   .          Reflect  .   (helmet restricted)
rElec   .          Harm     .   f - +0 cloak
rCorr   .          Rampage  .   l - +0 pair of gloves
Will    .....                   (boots unavailable)
Stlth   ..........              (no amulet)
HPRegen 0.07/turn               g - ring of protection from cold
MPRegen 0.10/turn               (no ring)

@: no status effects
A: beak, talons 3
a: no special abilities


You were on level 2 of the Dungeon.
You visited 1 branch of the dungeon, and saw 2 of its levels.

You collected 75 gold pieces.


Innate Abilities, Weirdness & Mutations

You have a beak for a mouth.
You have claws for feet.


   Skills:
 - Level 2.0 Fighting
 + Level 3.9 Axes
 - Level 1.0 Throwing
 - Level 1.1 Armour
 - Level 2.1 Dodging
 - Level 2.0 Spellcasting
 - Level 2.4 Translocations


You had 6 spell levels left.
You didn't know any spells.
Your spell library contained the following spells:

 Spells                   Type           Power      Damage    Failure   Level
 Blink                    Tloc           14%        N/A       56%         2
 Gell's Gravitas          Tloc           7%         N/A       80%         3
 Lesser Beckoning         Tloc           7%         N/A       80%         3
 Teleport Other           Tloc           7%         N/A       80%         3
 Manifold Assault         Tloc           7%         N/A       100%        5

Inventory:

Hand Weapons
 n - a +0 club
 Y - a +0 hand axe (weapon)
Armour
 f - a +0 cloak (worn)
 h - a +0 scale mail (worn)
 l - a +0 pair of gloves (worn)
Jewellery
 g - a ring of protection from cold (left hand)
Potions
 e - a potion of might
 i - a potion of brilliance {unknown}
 k - a potion of degeneration {unknown}
 m - a potion of heal wounds {unknown}

Dungeon Overview and Level Annotations

Branches:
Dungeon (2/15)

Altars:

Annotations:
D:2 Terence


Message History

An adder comes into view.
Enter note: The adder closely misses you.
You miss the adder. The adder barely misses you.
You slash the adder! You claw the adder.
You kill the adder!
You have reached level 3!
Your experience leads to an increase in your attributes!
Increase (S)trength, (I)ntelligence, or (D)exterity?
You feel stronger. x2
You now have 75 gold pieces (gained 12).
Terence the Incautious comes into view.
He is wielding a +0 short sword.
Terence shouts!
Enter note: You hit Terence but do no damage.
Terence hits you with a +0 short sword.
You closely miss Terence. Terence hits you with a +0 short sword.
You hit Terence but do no damage. You claw Terence.
Terence is lightly wounded.
Terence hits you with a +0 short sword.
You hit Terence but do no damage.
Terence is lightly wounded.
Terence barely misses you.
You hit Terence. You claw Terence.
Terence is heavily wounded.
Terence shouts, "Get ready for death!"
Terence hits you but does no damage.
You hit Terence but do no damage. You claw Terence.
Terence is heavily wounded.
Terence looks scornfully at you. Terence hits you with a +0 short sword.
You closely miss Terence. You peck Terence, but do no damage.
Terence is heavily wounded.
Terence barely misses you. Terence hits you with a +0 short sword.
You hit Terence.
Terence is heavily wounded.
Terence hits you with a +0 short sword!
You die...

######## #
#......# #.
#.####.#
.###..##.####.####
....$.@@.........#
......##.####.##.#
###... #......##.#
#..>. #########.#
##... #.# #.#
#####.## #.#
#......# #### #.#
#.###..# ..# ##'##
#.# #..#


You could see Terence.

Vanquished Creatures
  An adder (D:2)
  3 bats (D:1)
  3 giant cockroaches (D:1)
  A goblin (D:1)
  2 jackals (D:1)
  2 kobolds (D:1)
  3 frilled lizards (D:1)
  3 rats (D:1)
18 creatures vanquished.

Notes
Turn   | Place    | Note
-------+----------+-------------------------------------------
     0 | D:1      | qw the Tengu Warper began the quest for the Orb.
     0 | D:1      | Reached XP level 1. HP: 12/12 MP: 4/4
     0 | D:1      | 0 ||| qw: Version: 0.1-a-89-g26bdef1
     0 | D:1      | 0 ||| qw: Game counter: 476
     0 | D:1      | 0 ||| qw: Always use a shield: true
     0 | D:1      | 0 ||| qw: God list: Okawaru
     0 | D:1      | 0 ||| qw: Allow faded altars: false
     0 | D:1      | 0 ||| qw: Do Orc after D:15 true
     0 | D:1      | 0 ||| qw: Do second Lair branch before Depths: true
     0 | D:1      | 0 ||| qw: Lair rune preference: random
     0 | D:1      | 0 ||| qw: Plans: Normal
     0 | D:1      | 0 ||| PLANNING D:1-11
   160 | D:1      | Reached XP level 2. HP: 16/17 MP: 6/6
   186 | D:1      | Reached skill level 3 in Axes
   198 | D:1      | 198 ||| Stepping ~*~*~tactically~*~*~ (stealth).
   200 | D:1      | 200 ||| Stepping ~*~*~tactically~*~*~ (stealth).
   202 | D:1      | 202 ||| Stepping ~*~*~tactically~*~*~ (stealth).
   204 | D:1      | 204 ||| Stepping ~*~*~tactically~*~*~ (stealth).
   238 | D:1      | 238 ||| Stepping ~*~*~tactically~*~*~ (stealth).
   380 | D:1      | 380 ||| Stepping ~*~*~tactically~*~*~ (stealth).
   895 | D:1      | 895 ||| UPGRADING to +0 cloak.
   900 | D:1      | 900 ||| UPGRADING to +0 scale mail.
   910 | D:1      | 910 ||| DROPPING +0 leather armour.
   911 | D:1      | 911 ||| UPGRADING to +0 pair of gloves.
   916 | D:1      | 916 ||| UPGRADING to ring of protection from cold.
   917 | D:1      | 917 ||| READING scroll labelled SIOR FIKHU.
   918 | D:1      | 918 ||| READING scroll labelled FABIJ TYDGHA.
   919 | D:1      | 919 ||| DRINKING 2 fuming blue potions.
   920 | D:1      | 920 ||| DROPPING scroll of blinking.
   927 | D:2      | Found a faded altar of an unknown god.
   977 | D:2      | Reached XP level 3. HP: 21/21 MP: 7/7
  1008 | D:2      | Noticed Terence
  1016 | D:2      | HP: 5/21 [Terence/+0 short sword (3)]
  1017 | D:2      | Slain by Terence

Levels and vault maps discovered:
D:1:      heliophobic_arrival_battle_scene, layout_loops_ring,
          minmay_stone_trees_small
D:2:      layout_loops_corners, nicolae_ecumenical_pavilion, serial_park_tiny_1,
          minmay_curled_crystal, uniq_crazy_yiuf_cottage, uniq_terence

Skill      XL: |  1  2 |
---------------+-------+-----
Axes           | 3 |  3.9
Fighting       | |  2.0
Throwing       | |  1.0
Armour         | |  1.1
Dodging        | |  2.1
Spellcasting   | |  2.0
Translocations | |  2.4

Action                   || total
-------------------------++-------
Melee: Hand axe          ||    46
       Kick              ||     9
       Peck              ||     3
Throw: Boomerang         ||     7
  Use: Scroll            ||     2
       Potion            ||     1
Armor: Leather armour    ||    10
       Scale mail        ||     1
Dodge: Dodged            ||    19

Table legend:
 A = Non-vault XP
 B = Vault XP
 C = Vault XP percentage of total XP
 D = Non-vault monster count
 E = Vault monster count
 F = Vault count percentage of total count
                 A         B        C        D         E       F
            +---------+---------+-------+---------+---------+-------
      Total |      40 |       0 |   0.0 |      18 |       0 |   0.0
            +---------+---------+-------+---------+---------+-------
        D:1 |      27 |       0 |   0.0 |      17 |       0 |   0.0
        D:2 |      13 |       0 |   0.0 |       1 |       0 |   0.0
            +---------+---------+-------+---------+---------+-------
